EVO
OHIO STATE UNIVERSITY BUCKEYES @ OKLAHOMA STATE UNIVERSITY COWBOYS
07/12/2045
 
TOP OF THE 1ST
Ohio State University Buckeyes batting - Pitching for Oklahoma State University Cowboys : LHP Alex Viera
Pitching: LHP Alex Viera
Batting: RHB Nick Holsinger 0-0: Foul Ball, location: 2F
0-1: Ball
1-1: Called Strike
1-2: Ball
2-2: Strikes out swinging
Batting: RHB Aaron Bateman 0-0: Ball
1-0: Ball
2-0: Called Strike
2-1: Foul Ball, location: 2F
2-2: Strikes out looking
Batting: LHB Prince Nunley 0-0: Foul Ball, location: 2F
0-1: Ball
1-1: Called Strike
1-2: Ball
2-2: Ball
3-2: Strikes out swinging
Top of the 1st over - 0 runs, 0 hits, 0 errors, 0 left on base; Ohio State University 0 - Oklahoma State University 0
BOTTOM OF THE 1ST
Oklahoma State University Cowboys batting - Pitching for Ohio State University Buckeyes : RHP Mike Sisson
Pitching: RHP Mike Sisson
Batting: LHB Edwin Cabral 0-0: Ball
1-0: Ball
2-0: Foul Ball, location: 2F
2-1: SINGLE (Groundball, 6D, EV 96.2 MPH)
Batting: RHB Mario Arriero 0-0: Called Strike
0-1: Fly out, F8 (Flyball, 8RD, EV 95.0 MPH)
Batting: SHB Guy Jerome 0-0: DOUBLE (Groundball, 5L, EV 103.1 MPH)
Edwin Cabral to third
Batting: RHB Masakuni Takeuchi 0-0: Called Strike
0-1: Ball
1-1: Ball
2-1: Called Strike
2-2: Strikes out swinging
Batting: RHB Dave de Wolff 0-0: Ball
1-0: DOUBLE (Line Drive, 9LD, EV 106.2 MPH)
Edwin Cabral scores
Guy Jerome scores
Batting: RHB Ch'ang-chieh Hsia 0-0: Ball
1-0: Swinging Strike
1-1: Fly out, F7 (Flyball, 78M, EV 93.1 MPH)
Bottom of the 1st over - 2 runs, 3 hits, 0 errors, 1 left on base; Ohio State University 0 - Oklahoma State University 2
TOP OF THE 2ND
Ohio State University Buckeyes batting - Pitching for Oklahoma State University Cowboys : LHP Alex Viera
Batting: RHB Rod Johnson 0-0: DOUBLE (Flyball, 89D, EV 95.0 MPH)
Batting: RHB Jorge Lebron 0-0: Ground out 5-3 (Groundball, 56S, EV 88.8 MPH)
Batting: RHB Juan Alvarez 0-0: Ball
1-0: Ball
2-0: Called Strike
2-1: Ball
3-1: Swinging Strike
3-2: SINGLE (Line Drive, 9LS, EV 110.6 MPH)
Rod Johnson to third
Runner from 3rd tries for Home, SAFE, throw by RF to home
Batting: RHB Wen Huang 0-0: Fielders Choice at 2nd, 4-6 (Groundball, 4, EV 105.6 MPH)
Batting: RHB Tan-ming Kwan 0-0: Ball
1-0: Ball
2-0: Foul Ball, location: 2F
2-1: Called Strike
2-2: Strikes out looking
Top of the 2nd over - 1 run, 2 hits, 0 errors, 1 left on base; Ohio State University 1 - Oklahoma State University 2
BOTTOM OF THE 2ND
Oklahoma State University Cowboys batting - Pitching for Ohio State University Buckeyes : RHP Mike Sisson
Batting: RHB Ji-an See-to 0-0: Foul Ball, location: 2F
0-1: Called Strike
0-2: Ball
1-2: Ball
2-2: Ball
3-2: Fly out, F9 (Flyball, 9, EV 80.6 MPH)
Batting: RHB Cody Kafer 0-0: Ball
1-0: Foul Ball, location: 2F
1-1: Foul Ball, location: 2F
1-2: Foul Ball, location: 2F
1-2: Ball
2-2: Foul Ball, location: 2F
2-2: Foul Ball, location: 2F
2-2: Ball
3-2: Base on Balls
Batting: RHB Tony Castellanos 0-0: Called Strike
0-1: Ball
1-1: Called Strike
1-2: Ball
2-2: Ball
3-2: Strikes out swinging
Batting: LHB Edwin Cabral 0-0: Ball
Cody Kafer steals 2nd base
1-0: Foul Ball, location: 2F
1-1: Foul Ball, location: 2F
1-2: Ground out 6-3 (Groundball, 6, EV 91.2 MPH)
Bottom of the 2nd over - 0 runs, 0 hits, 0 errors, 1 left on base; Ohio State University 1 - Oklahoma State University 2
TOP OF THE 3RD
Ohio State University Buckeyes batting - Pitching for Oklahoma State University Cowboys : LHP Alex Viera
Batting: LHB Isaiah Spitzbarth 0-0: Ball
1-0: Called Strike
1-1: Foul Ball, location: 2F
1-2: Foul Ball, location: 2F
1-2: Ball
2-2: Ball
3-2: Base on Balls
Batting: RHB Nick Holsinger 0-0: Ball
1-0: Ball
2-0: Called Strike
2-1: Ball
3-1: Foul Ball, location: 2F
3-2: Base on Balls
Isaiah Spitzbarth to second
Batting: RHB Aaron Bateman 0-0: Called Strike
0-1: Grounds into double play, 6-4-3 (Groundball, 6, EV 83.8 MPH)
Isaiah Spitzbarth to third
Batting: LHB Prince Nunley 0-0: SINGLE (Groundball, 34D, EV 106.9 MPH)
Isaiah Spitzbarth scores
Batting: RHB Rod Johnson 0-0: Called Strike
0-1: Ball
1-1: Ball
2-1: Swinging Strike
2-2: Strikes out swinging
Top of the 3rd over - 1 run, 1 hit, 0 errors, 1 left on base; Ohio State University 2 - Oklahoma State University 2
BOTTOM OF THE 3RD
Oklahoma State University Cowboys batting - Pitching for Ohio State University Buckeyes : RHP Mike Sisson
Batting: RHB Mario Arriero 0-0: Called Strike
0-1: Fly out, F8 (Line Drive, 8RM, EV 92.5 MPH)
Batting: SHB Guy Jerome 0-0: Swinging Strike
0-1: Called Strike
0-2: Foul Ball, location: 2F
0-2: Ball
1-2: Ball
2-2: DOUBLE (Line Drive, 7LM, EV 103.8 MPH)
Batting: RHB Masakuni Takeuchi 0-0: Called Strike
0-1: Swinging Strike
0-2: Ball
1-2: Foul Ball, location: 2F
1-2: Foul Ball, location: 2F
1-2: Foul Ball, location: 2F
1-2: Ball
2-2: Strikes out looking
Batting: RHB Dave de Wolff 0-0: Ball
1-0: Called Strike
1-1: Ball
2-1: Ball
3-1: Called Strike
3-2: Strikes out swinging
Bottom of the 3rd over - 0 runs, 1 hit, 0 errors, 1 left on base; Ohio State University 2 - Oklahoma State University 2
TOP OF THE 4TH
Ohio State University Buckeyes batting - Pitching for Oklahoma State University Cowboys : LHP Alex Viera
Batting: RHB Jorge Lebron 0-0: Ball
1-0: Foul Ball, location: 2F
1-1: Ground out 5-3 (Groundball, 5, EV 101.2 MPH)
Batting: RHB Juan Alvarez 0-0: Swinging Strike
0-1: Ball
1-1: Swinging Strike
1-2: Strikes out swinging
Batting: RHB Wen Huang 0-0: Fly out, F9 (Flyball, 9LS, EV 95.0 MPH)
Top of the 4th over - 0 runs, 0 hits, 0 errors, 0 left on base; Ohio State University 2 - Oklahoma State University 2
BOTTOM OF THE 4TH
Oklahoma State University Cowboys batting - Pitching for Ohio State University Buckeyes : RHP Mike Sisson
Batting: RHB Ch'ang-chieh Hsia 0-0: Fly out, F8 (Flyball, 8LS, EV 98.1 MPH)
Batting: RHB Ji-an See-to 0-0: Called Strike
0-1: Ball
1-1: Called Strike
1-2: Foul Ball, location: 2F
1-2: Ball
2-2: Strikes out swinging
Batting: RHB Cody Kafer 0-0: Ball
1-0: Foul Ball, location: 2F
1-1: SINGLE (Line Drive, 8RM, EV 94.4 MPH)
Batting: RHB Tony Castellanos 0-0: Ball
1-0: Ball
2-0: Called Strike
2-1: Swinging Strike
2-2: Foul Ball, location: 2F
2-2: Strikes out swinging
Bottom of the 4th over - 0 runs, 1 hit, 0 errors, 1 left on base; Ohio State University 2 - Oklahoma State University 2
TOP OF THE 5TH
Ohio State University Buckeyes batting - Pitching for Oklahoma State University Cowboys : LHP Alex Viera
Pitching: RHP Francisco Guzman
Batting: RHB Tan-ming Kwan 0-0: Foul Ball, location: 2F
0-1: Ball
1-1: Ball
2-1: Fly out, F8 (Line Drive, 8RD, EV 96.2 MPH)
Batting: LHB Isaiah Spitzbarth 0-0: Called Strike
0-1: Ball
1-1: DOUBLE (Line Drive, 7LM, EV 112.5 MPH)
Batting: RHB Nick Holsinger 0-0: Ball
Wild Pitch!
Isaiah Spitzbarth to third
1-0: Foul Ball, location: 2F
1-1: Foul Ball, location: 2F
1-2: Ball
2-2: Foul Ball, location: 2F
2-2: Ball
Wild Pitch!
Isaiah Spitzbarth scores
3-2: Base on Balls
Batting: RHB Aaron Bateman 0-0: DOUBLE (Line Drive, 89D, EV 105.0 MPH)
Nick Holsinger to third
Nick Holsinger scores
Batting: LHB Prince Nunley 0-0: Ball
1-0: Called Strike
1-1: Foul Ball, location: 2F
1-2: Ball
2-2: Ground out 4-3 (Groundball, 4, EV 83.1 MPH)
Aaron Bateman to third
Batting: RHB Rod Johnson 0-0: Swinging Strike
0-1: Ball
1-1: Foul Ball, location: 2F
1-2: Strikes out swinging
Top of the 5th over - 2 runs, 2 hits, 0 errors, 1 left on base; Ohio State University 4 - Oklahoma State University 2
BOTTOM OF THE 5TH
Oklahoma State University Cowboys batting - Pitching for Ohio State University Buckeyes : RHP Mike Sisson
Pitching: RHP Roger Whitaker
Batting: LHB Edwin Cabral 0-0: Called Strike
0-1: Ball
1-1: SINGLE (Flyball, 7S, EV 96.9 MPH)
Batting: RHB Mario Arriero 0-0: Foul Ball, location: 2F
0-1: Foul Ball, location: 2F
0-2: Fly out, F3 (Popup, 3SF, EV 86.9 MPH)
Batting: SHB Guy Jerome 0-0: SINGLE (Line Drive, 9S, EV 86.2 MPH)
Edwin Cabral to second
Runner from 2nd tries for 3rd, SAFE, throw by RF made to third
Batting: RHB Masakuni Takeuchi
Batting: RHB Josh Patterson 0-0: Ball
1-0: Foul Ball, location: 2F
1-1: Swinging Strike
1-2: Ball
2-2: Strikes out swinging
Batting: RHB Dave de Wolff 0-0: Called Strike
0-1: DOUBLE (Line Drive, 78M, EV 97.5 MPH)
Edwin Cabral scores
Guy Jerome to third
Batting: RHB Ch'ang-chieh Hsia 0-0: Ball
1-0: Foul Ball, location: 2F
1-1: Foul Ball, location: 2F
1-2: Foul Ball, location: 2F
1-2: Ball
2-2: Ball
3-2: Base on Balls
Pinch Hitting: RHB Hidemitsu Matsuno 0-0: Foul Ball, location: 2F
0-1: Ball
1-1: Called Strike
1-2: Ball
2-2: Strikes out swinging
Bottom of the 5th over - 1 run, 3 hits, 0 errors, 3 left on base; Ohio State University 4 - Oklahoma State University 3
TOP OF THE 6TH
Ohio State University Buckeyes batting - Pitching for Oklahoma State University Cowboys : RHP Francisco Guzman
Now at 1B: Hidemitsu Matsuno
Batting: RHB Jorge Lebron 0-0: Called Strike
0-1: Called Strike
0-2: Foul Ball, location: 2F
0-2: Ball
1-2: SINGLE (Groundball, 34D, EV 96.2 MPH)
Batting: RHB Juan Alvarez 0-0: Sac Bunt to 23 - play at first, batter OUT! 3-4
Jorge Lebron to second
Batting: RHB Wen Huang 0-0: Ball
1-0: Foul Ball, location: 2F
1-1: Foul Ball, location: 2F
1-2: DOUBLE (Line Drive, 78XD, EV 99.4 MPH)
Jorge Lebron scores
Batting: RHB Tan-ming Kwan 0-0: Ball
1-0: Foul Ball, location: 2F
1-1: Foul Ball, location: 2F
1-2: Fly out, F8 (Flyball, 89D, EV 101.2 MPH)
Runner from 2nd tags up, SAFE at 3rd with throw by CF
Pitching: RHP Jamie Rappoport
Batting: LHB Isaiah Spitzbarth 0-0: Called Strike
Passed Ball!
Wen Huang scores
0-1: Ball
1-1: Foul Ball, location: 2F
1-2: Ball
2-2: Strikes out looking
Top of the 6th over - 2 runs, 2 hits, 0 errors, 0 left on base; Ohio State University 6 - Oklahoma State University 3
BOTTOM OF THE 6TH
Oklahoma State University Cowboys batting - Pitching for Ohio State University Buckeyes : RHP Roger Whitaker
Batting: RHB Cody Kafer 0-0: Called Strike
0-1: Ball
1-1: Ground out U3 (Groundball, 34S, EV 91.2 MPH)
Batting: RHB Tony Castellanos 0-0: Ball
1-0: Called Strike
1-1: Ball
2-1: Ball
3-1: DOUBLE (Line Drive, 78XD, EV 106.2 MPH)
Pitching: RHP Dave Shanks
Pinch Hitting: RHB Jay Hickman 0-0: Foul Ball, location: 2F
0-1: Ball
1-1: Ball
2-1: Fly out, F9 (Flyball, 9LS, EV 95.6 MPH)
Pinch Hitting: RHB Eric Zylstra 0-0: Ball
1-0: Foul Ball, location: 2F
1-1: Ball
2-1: Ball
3-1: Base on Balls
Batting: SHB Guy Jerome 0-0: Foul Ball, location: 2F
0-1: Ball
1-1: Ball
2-1: Fly out, F9 (Flyball, 89D, EV 106.2 MPH)
Bottom of the 6th over - 0 runs, 1 hit, 0 errors, 2 left on base; Ohio State University 6 - Oklahoma State University 3
TOP OF THE 7TH
Ohio State University Buckeyes batting - Pitching for Oklahoma State University Cowboys : RHP Jamie Rappoport
Now at 3B: Jay Hickman
Now in CF: Eric Zylstra
Batting: RHB Aaron Bryant 0-0: Ball
1-0: Called Strike
1-1: Ball
2-1: Ball
3-1: Base on Balls
Batting: RHB Aaron Bateman 0-0: Called Strike
0-1: SINGLE (Groundball, 56D, EV 95.0 MPH)
Aaron Bryant to second
Batting: LHB Prince Nunley 0-0: Ball
1-0: Foul Ball, location: 2F
1-1: Foul Ball, location: 2F
1-2: SINGLE (Groundball, 3D, EV 96.9 MPH)
Aaron Bryant to third
Aaron Bateman to second
Batting: RHB Rod Johnson 0-0: Foul Ball, location: 2F
0-1: Ball
1-1: Ball
2-1: Foul Ball, location: 2F
2-2: Ball
3-2: Strikes out swinging
Pinch Hitting: RHB Adam Turpin 0-0: Ball
1-0: Called Strike
1-1: SINGLE (Line Drive, 4D, EV 101.9 MPH)
Aaron Bryant scores
Aaron Bateman to third
Prince Nunley to second
Runner from 3rd tries for Home, SAFE, throw by CF to home
Pinch Hitting: RHB Er Le 0-0: SINGLE (Line Drive, 8RS, EV 100.0 MPH)
Prince Nunley to third
Adam Turpin to second
Runner from 3rd tries for Home, SAFE, throw by CF to home
Pitching: LHP Jon Lizarraga
Batting: RHB Wen Huang 0-0: Ball
1-0: SINGLE (Flyball, 78S, EV 89.4 MPH)
Adam Turpin to third
Er Le to second
Runner from 3rd tries for Home, SAFE, throw by LF to home
Batting: RHB Tan-ming Kwan 0-0: Called Strike
0-1: DOUBLE (Flyball, 78XD, EV 106.2 MPH)
Er Le scores
Wen Huang to third
Pinch Hitting: LHB Chris Cohen 0-0: Ball
1-0: Called Strike
1-1: 3-RUN HOME RUN (Flyball, 7D, EV 101.2 MPH), Distance : 405 ft
Batting: RHB Aaron Bryant 0-0: Ball
1-0: Called Strike
1-1: Swinging Strike
1-2: Foul Ball, location: 2F
1-2: Foul Ball, location: 2F
1-2: Ball
2-2: Foul Ball, location: 2F
2-2: Ball
3-2: Base on Balls
Batting: RHB Aaron Bateman 0-0: Foul Ball, location: 2F
0-1: Ball
1-1: Ball
Passed Ball!
Aaron Bryant to second
2-1: Ball
3-1: Foul Ball, location: 2F
3-2: Base on Balls
Pinch Hitting: LHB Jimmy Leslie 0-0: Swinging Strike
0-1: 3-RUN HOME RUN (Flyball, 7LD, EV 99.4 MPH), Distance : 363 ft
Pitching: LHP Ryan Fischer
Batting: RHB Rod Johnson 0-0: Ball
1-0: Called Strike
1-1: DOUBLE (Groundball, 5L, EV 108.1 MPH)
Batting: RHB Adam Turpin 0-0: Ball
1-0: Called Strike
1-1: Called Strike
1-2: SINGLE (Line Drive, 8RS, EV 94.4 MPH)
Rod Johnson to third
Batting: RHB Er Le 0-0: Ball
1-0: Called Strike
1-1: DOUBLE (Line Drive, 9LS, EV 91.2 MPH)
Rod Johnson scores
Adam Turpin to third
Runner from 3rd tries for Home, SAFE, no throw by RF
Batting: RHB Wen Huang 0-0: Foul Ball, location: 2F
0-1: Ball
1-1: Called Strike
1-2: Ball
2-2: Strikes out swinging
Batting: RHB Tan-ming Kwan 0-0: Ball
1-0: Swinging Strike
1-1: Swinging Strike
Passed Ball!
Er Le to third
1-2: Ball
2-2: Foul Ball, location: 2F
2-2: Strikes out swinging
Top of the 7th over - 13 runs, 11 hits, 0 errors, 1 left on base; Ohio State University 19 - Oklahoma State University 3
BOTTOM OF THE 7TH
Oklahoma State University Cowboys batting - Pitching for Ohio State University Buckeyes : RHP Dave Shanks
Now at 3B: Aaron Bateman
Now at SS: Chris Cohen
Now in LF: Adam Turpin
Now in CF: Ben Roth
Now in RF: Jimmy Leslie
Batting: RHB Josh Patterson 0-0: Ball
1-0: Foul Ball, location: 2F
1-1: Ball
2-1: Ball
3-1: Called Strike
3-2: Reached on error, E5 (Groundball, 56, EV 80.0 MPH)
Pinch Hitting: RHB Tony Cabrera 0-0: Called Strike
0-1: Ball
1-1: Foul Ball, location: 2F
1-2: Foul Ball, location: 2F
1-2: SINGLE (Line Drive, 7S, EV 91.2 MPH)
Josh Patterson to third
Batting: RHB Ch'ang-chieh Hsia 0-0: Foul Ball, location: 2F
0-1: Called Strike
0-2: Ball
1-2: Ball
2-2: Fly out, F8 (Flyball, 8RXD, EV 100.0 MPH)
Runner from 3rd tags up, SCORES, no throw by CF
Pinch Hitting: LHB Israel Jaramillo 0-0: Foul Ball, location: 2F
0-1: Called Strike
0-2: Fielders Choice at 2nd, 4-6 (Groundball, 4, EV 87.5 MPH)
Batting: RHB Cody Kafer 0-0: Swinging Strike
0-1: SINGLE (Groundball, 34, EV 104.4 MPH)
Israel Jaramillo to second
Pinch Hitting: RHB Dennis Bennett 0-0: Fly out, F9 (Line Drive, 9D, EV 89.4 MPH)
Bottom of the 7th over - 1 run, 2 hits, 1 error, 2 left on base; Ohio State University 19 - Oklahoma State University 4
TOP OF THE 8TH
Ohio State University Buckeyes batting - Pitching for Oklahoma State University Cowboys : LHP Ryan Fischer
Now at 1B: Israel Jaramillo
Now at SS: Dennis Bennett
Now in RF: Tony Cabrera
Batting: LHB Chris Cohen 0-0: Ball
1-0: Swinging Strike
1-1: Ball
2-1: Foul Ball, location: 2F
2-2: Strikes out swinging
Batting: RHB Aaron Bryant 0-0: Ball
1-0: Ball
2-0: Ball
3-0: Base on Balls
Pitching: RHP Ryan Hungerman
Pinch Hitting: RHB Jorge Maciel 0-0: Fly out, F9 (Flyball, 9, EV 91.9 MPH)
Batting: LHB Jimmy Leslie 0-0: Ball
1-0: Ball
2-0: Ball
3-0: Called Strike
3-1: Base on Balls
Aaron Bryant to second
Batting: RHB Rod Johnson 0-0: Called Strike
0-1: Ball
1-1: Foul Ball, location: 2F
1-2: Foul Ball, location: 2F
1-2: Foul Ball, location: 2F
1-2: Strikes out swinging
Top of the 8th over - 0 runs, 0 hits, 0 errors, 2 left on base; Ohio State University 19 - Oklahoma State University 4
BOTTOM OF THE 8TH
Oklahoma State University Cowboys batting - Pitching for Ohio State University Buckeyes : RHP Dave Shanks
Now at 3B: Chris Cohen
Now at SS: Jorge Maciel
Batting: RHB Jay Hickman 0-0: Ball
1-0: Fly out, F7 (Flyball, 78S, EV 82.5 MPH)
Batting: RHB Eric Zylstra 0-0: Ball
1-0: Ball
2-0: Called Strike
2-1: SINGLE (Groundball, 56, EV 107.5 MPH)
Pitching: RHP Orlando Mosqueda
Pinch Hitting: RHB Vance McDonald 0-0: Fly out, F3 (Popup, 3SF, EV 80.0 MPH)
Batting: RHB Josh Patterson 0-0: Swinging Strike
0-1: Ball
1-1: Ball
2-1: Swinging Strike
2-2: Strikes out looking
Bottom of the 8th over - 0 runs, 1 hit, 0 errors, 1 left on base; Ohio State University 19 - Oklahoma State University 4
TOP OF THE 9TH
Ohio State University Buckeyes batting - Pitching for Oklahoma State University Cowboys : RHP Ryan Hungerman
Now at 2B: Vance McDonald
Batting: RHB Adam Turpin 0-0: Ball
1-0: SINGLE (Groundball, 56S, EV 66.2 MPH) (infield hit)
Batting: LHB Ben Roth 0-0: Foul Ball, location: 2F
0-1: Foul Ball, location: 2F
0-2: Strikes out swinging
Pinch Hitting: LHB Alex Rivera 0-0: Fly out, F6 (Popup, 6D, EV 72.5 MPH)
Pinch Hitting: RHB Bill Begin 0-0: Fielders Choice at 2nd, U6 (Groundball, 6M, EV 101.9 MPH)
Top of the 9th over - 0 runs, 1 hit, 0 errors, 1 left on base; Ohio State University 19 - Oklahoma State University 4
BOTTOM OF THE 9TH
Oklahoma State University Cowboys batting - Pitching for Ohio State University Buckeyes : RHP Orlando Mosqueda
Now at 1B: Juan Araiza
Now at 2B: Bill Begin
Batting: RHB Tony Cabrera 0-0: Ball
1-0: Ball
2-0: DOUBLE (Line Drive, 7LS, EV 94.4 MPH)
Pinch Hitting: LHB Jared Zulkowski 0-0: Ball
1-0: Fly out, F8 (Flyball, 8RD, EV 89.4 MPH)
Pinch Hitting: RHB Justin Klein 0-0: Called Strike
0-1: Ground out 4-3 (Groundball, 4, EV 100.0 MPH)
Tony Cabrera to third
Pinch Hitting: RHB Mennad Maalik 0-0: Called Strike
0-1: Ball
1-1: Foul Ball, location: 2F
1-2: Ball
2-2: Foul Ball, location: 2F
2-2: Strikes out looking
Bottom of the 9th over - 0 runs, 1 hit, 0 errors, 1 left on base; Ohio State University 19 - Oklahoma State University 4
Wednesday, June 22nd , 2022 - OOTP Baseball 23.4 Build 64